 Dungeon Crawl Stone Soup version 0.25-a0-290-g4a1327ee3a (webtiles) character file.

Game seed: 487341724625258372, levelgen mode: deterministic

24 Lanoc the Ducker (level 2, 0/22 HPs)
             Began as a Deep Dwarf Air Elementalist on Dec 13, 2019.
             Slain by an adder (3 damage)
             ... on level 2 of the Dungeon.
             The game lasted 00:03:14 (985 turns).

Lanoc the Ducker (Deep Dwarf Air Elementalist)       Turns: 985, Time: 00:03:15

Health: 0/22       AC:  2    Str: 11    XL:     2   Next: 79%
Magic:  1/4        EV: 13    Int: 15    God:
Gold:   65         SH:  0    Dex: 13    Spells: 3/4 levels left

rFire    . . .     SeeInvis .   (no weapon)
rCold    . . .     Gourm    .   (no shield)
rNeg     . . .     Faith    .   a - +0 robe
rPois    .         Spirit   .   (no helmet)
rElec    .         Reflect  .   (no cloak)
rCorr    .         Harm     .   (no gloves)
MR       .....                  (no boots)
Stlth    ++........             (no amulet)
HPRegen  0.00/turn              (no ring)
MPRegen  0.09/turn              (no ring)

@: very slightly contaminated, non-regenerating
A: damage resistance, heal wounds, sense surroundings 1, no regeneration
a: Heal Wounds


You were on level 2 of the Dungeon.
You were not hungry.

You visited 1 branch of the dungeon, and saw 2 of its levels.

You collected 65 gold pieces.

Inventory:

Missiles
 d - 40 stones (quivered)
Armour
 a - a +0 robe (worn)
Scrolls
 b - a scroll of teleportation
 e - a scroll of magic mapping {unknown}
Comestibles
 c - 3 rations
 f - a chunk of flesh


   Skills:
 + Level 2.8 Dodging
 - Level 2.4 Stealth
 - Level 1.7 Spellcasting
 + Level 1.5 Conjurations
 + Level 2.5 Air Magic


You had 3 spell levels left.
You knew the following spells:

 Your Spells              Type           Power        Failure   Level  Hunger
a - Shock                 Conj/Air       #...         10%         1    ##.....

Your spell library contained the following spells:

 Spells                   Type           Power        Failure   Level  Hunger
 Swiftness                Chrm/Air       #.......     21%         2    ###....
 Static Discharge         Conj/Air       #.......     30%         3    ####...
 Airstrike                Air            #.........   63%         4    #####..
 Lightning Bolt           Conj/Air       #.........   95%         5    ######.


Dungeon Overview and Level Annotations

Branches:
Dungeon (2/15)

Altars:


Innate Abilities, Weirdness & Mutations

You are resistant to damage.
You can heal yourself by infusing magical energy.
You passively map a small area around you.
You do not regenerate.


Message History

Aiming: Shock (safe; 10% risk of failure)
Press: ? - help, Shift-Dir - straight line The zap hits the adder.
The adder is moderately wounded.
The zap hits the adder.
The adder is severely wounded.
Casting: Shock (safe; 10% risk of failure)
Confirm with . or Enter, or press ? or * to list all spells.
Aiming: Shock (safe; 10% risk of failure)
Press: ? - help, Shift-Dir - straight line The zap misses the adder.
The zap hits the adder.
The adder is severely wounded.
Casting: Shock (safe; 10% risk of failure)
Confirm with . or Enter, or press ? or * to list all spells.
Aiming: Shock (safe; 10% risk of failure)
Press: ? - help, Shift-Dir - straight line You miscast Shock.
You are very lightly contaminated with residual magic.
You feel a strange surge of energy! The adder bites you.
You die...

,, ,,###.#+#.# , , , #..
#.......# *,, ,
#...#.......# , *
#...#.......# *
#...........# *
#...........############
,
.................w.S....
*#.......#############
#..S@...#* , ,
#+#.....####.## , **
#.########<..# , *
##.#........).# *
#........##...# * * *
#........##...# ,
##........##...# , * ,
#.........##...# ,*
##.###+######...# *


You could see an adder.

Vanquished Creatures
  4 leopard geckos (D:1)
  A giant cockroach (D:1)
  6 goblins
  3 hobgoblins (D:1)
  A quokka (D:2)
  A bat (D:1)
  A rat (D:1)
17 creatures vanquished.

Notes
Turn   | Place    | Note
-------+----------+-------------------------------------------
     0 | D:1      | Lanoc the Deep Dwarf Air Elementalist began the quest for
                  | the Orb.
     0 | D:1      | Reached XP level 1. HP: 15/15 MP: 3/3
   133 | D:1      | Reached skill level 1 in Conjurations
   456 | D:1      | Reached XP level 2. HP: 8/22 MP: 0/4
   985 | D:2      | Slain by an adder

Levels and vault maps discovered:
D:1:      roderic_dead_forest, layout_basic
D:2:      kennysheep_six_static_rooms, layout_basic, dk_noncrumbling_3

Skill      XL: |  1 |
---------------+----+-----
Conjurations   | 1 |  1.5
Dodging        | |  2.8
Stealth        | |  2.4
Spellcasting   | |  1.7
Air Magic      | |  2.5

Action                   || total
-------------------------++-------
Melee: Unarmed           ||     8
 Cast: Shock             ||    34
  Use: Scroll            ||     1
  Eat: Chunk             ||     1
Armor: Robe              ||     2
Dodge: Dodged            ||    14

Table legend:
 A = Non-vault XP
 B = Vault XP
 C = Vault XP percentage of total XP
 D = Non-vault monster count
 E = Vault monster count
 F = Vault count percentage of total count
                 A         B        C        D         E       F
            +---------+---------+-------+---------+---------+-------
      Total |      35 |       0 |   0.0 |      17 |       0 |   0.0
            +---------+---------+-------+---------+---------+-------
        D:1 |      29 |       0 |   0.0 |      14 |       0 |   0.0
        D:2 |       6 |       0 |   0.0 |       3 |       0 |   0.0
            +---------+---------+-------+---------+---------+-------
